 Dungeon Crawl Stone Soup version 0.26-a0-812-g31a745ddcd (webtiles) character file.

Game seed: 14551655999132638976

123332 kae the Fencer (level 16, -6/147 HPs)
             Began as a Minotaur Fighter on Nov 25, 2020.
             Was the Champion of Qazlal.
             Mangled by Agnes
             ... wielding a +2 vampiric lajatang
              (27 damage)
             ... on level 2 of the Snake Pit.
             The game lasted 00:19:08 (25289 turns).

kae the Fencer (Minotaur Fighter)                  Turns: 25289, Time: 00:19:08

Health: -6/147     AC: 26    Str: 27    XL:     16   Next: 36%
Magic:  23/23      EV: 14    Int:  5    God:    Qazlal [******]
Gold:   2532       SH: 26    Dex: 15    Spells: 15/15 levels left

rFire    . . .     SeeInvis .   a - +1 long sword (vamp)
rCold    . . .     Faith    .   v - +2 kite shield
rNeg     . . .     Spirit   .   G - +1 plate armour
rPois    +         Reflect  +   (helmet restricted)
rElec    .         Harm     .   t - +2 cloak
rCorr    .         Rampage  .   A - +0 pair of gloves
MR       ++...                  (no boots)
Stlth    ..........             H - amulet of reflection
HPRegen  0.34/turn              Y - ring "Jipron" {MR+ Dex+4}
MPRegen  0.18/turn              S - ring of poison resistance

@: protected from physical damage, repel missiles
A: retaliatory headbutt, horns 2
a: Upheaval, Elemental Force, Disaster Area, Renounce Religion


You were on level 2 of the Snake Pit.
You worshipped Qazlal.
Qazlal was exalted by your worship.
You visited 5 branches of the dungeon, and saw 26 of its levels.
You also visited: Ossuary.

You collected 2774 gold pieces.
You spent 242 gold pieces at shops.

Inventory:

Hand Weapons
 a - a +1 vampiric long sword (weapon)
 b - a +0 vorpal scimitar
Armour
 t - a +2 cloak (worn)
 v - a +2 kite shield (worn)
 A - a +0 pair of gloves (worn)
 G - a +1 plate armour (worn)
Jewellery
 g - an uncursed ring of protection from magic
 m - a +6 ring of dexterity
 o - a +6 ring of dexterity
 z - an uncursed ring of flight
 H - an amulet of reflection (around neck)
 M - a +6 ring of strength
 Q - an uncursed ring of resist corrosion
 R - an uncursed ring of positive energy
 S - a ring of poison resistance (right hand)
 T - an uncursed ring of protection from cold
 Y - the ring "Jipron" (left hand) {MR+ Dex+4}
   (You found it on level 15 of the Dungeon)

   [ring of protection from magic]

   It affects your dexterity (+4).
   It affects your resistance to hostile enchantments.
Wands
 c - a wand of random effects (19)
 k - a wand of iceblast (23)
 q - a wand of paralysis (17)
 K - a wand of flame (39)
 O - a wand of polymorph (11)
 P - a wand of enslavement (10)
Scrolls
 f - 17 scrolls of teleportation
 h - 3 scrolls of blinking
 j - 2 scrolls of fog
 l - 16 scrolls of remove curse
 s - 7 scrolls of amnesia
 x - 3 scrolls of enchant armour
 y - 3 scrolls of enchant weapon
 B - 4 scrolls of fear
 F - 6 scrolls of identify
 L - 3 scrolls of magic mapping
 U - a scroll of holy word
 X - a scroll of silence
Potions
 d - 5 potions of might
 e - 2 potions of resistance
 i - 14 potions of curing
 n - 5 potions of flight
 p - 3 potions of mutation
 r - 3 potions of haste
 u - 4 potions of berserk rage
 w - 11 potions of attraction
 C - 2 potions of invisibility
 D - 4 potions of ambrosia
 E - 9 potions of heal wounds
 J - 3 potions of brilliance
 N - 2 potions of lignification


   Skills:
 + Level 14.8 Fighting
 * Level 19.7 Long Blades
 + Level 14.9 Armour
 + Level 13.5 Dodging
 - Level 5.0 Shields
 + Level 10.6 Invocations


You had 15 spell levels left.
You didn't know any spells.
Your spell library contained the following spells:

 Spells                   Type           Power        Failure   Level
 Corona                   Hex            #......      100%        1
 Magic Dart               Conj           #...         100%        1
 Shock                    Conj/Air       #...         100%        1
 Blink                    Tloc           N/A          100%        2
 Call Imp                 Summ           #.......     100%        2
 Poisonous Vapours        Pois/Air       #.....       100%        2
 Slow                     Hex            #.......     100%        2
 Swiftness                Air            #.......     100%        2
 Conjure Flame            Conj/Fire      #.......     100%        3
 Inner Flame              Hex/Fire       #.......     100%        3
 Mephitic Cloud           Conj/Pois/Air  #.......     100%        3
 Portal Projectile        Hex/Tloc       #.....       100%        3
 Static Discharge         Conj/Air       #.......     100%        3
 Airstrike                Air            #.........   100%        4
 Cause Fear               Hex            #.........   100%        4
 Leda's Liquefaction      Hex/Erth       #.........   100%        4
 Lightning Bolt           Conj/Air       #.........   100%        5
 Freezing Cloud           Conj/Ice/Air   #.........   100%        6


Dungeon Overview and Level Annotations

Branches:
Dungeon (15/15)            Temple (1/1) D:7            Lair (6/6) D:10
  Swamp (0/4) Lair:4        Snake (2/4) Lair:3        Slime (0/5) Lair:6
    Orc (2/2) D:12            Elf (0/3) Orc:2        Vaults (0/5) D:13
 Depths (0/5) D:15        Ossuary (visited)

Altars:
Ashenzari
Cheibriados
Dithmenos
Elyvilon
Fedhas
Gozag
Hepliaklqana
Kikubaaqudgha
Makhleb
Nemelex Xobeh
Okawaru
Qazlal
Ru
Sif Muna
Trog
Uskayaw
Vehumet
Wu Jian
Xom
Yredelemnul
Zin
The Shining One
Jiyva

Shops:
Orc:2 (![=   Snake:1 ?(

Annotations:
Lair:2 3 runed translucent doors, MalarOregon's ghost, journeyman DrWz
Lair:3 3 runed translucent doors, Kuinu's ghost, journeyman KoBr; Udaerasu's ghost, journeyman DsWn; graki42's ghost, journeyman DECj
Lair:6 2 transporters, Reniomp's ghost, journeyman DDFi
Snake:2 Agnes


Innate Abilities, Weirdness & Mutations

You reflexively headbutt those who attack you in melee.
You have a pair of horns on your head.


Message History

You block Agnes's attack.
Press: ? - help, Dir - move target cursor
As you read the scroll of blinking, it crumbles to dust.
You feel much better.
As you read the scroll of magic mapping, it crumbles to dust.
You feel aware of your surroundings.
Agnes hits you with a +2 vampiric lajatang.
* * * LOW HITPOINT WARNING * * *
Agnes draws strength from your wounds! You block Agnes's attack.
Agnes hits you with a +2 vampiric lajatang.
* * * LOW HITPOINT WARNING * * *
Agnes draws strength from your wounds!
You hear an angry hiss.
You block Agnes's attack.
You hear an angry hiss.
Agnes is engulfed in blazing flames.
You block Agnes's attack.
Agnes hits you with a +2 vampiric lajatang!!
You die...

## ######## ******* .##
####......#####***,**,,,
..########.#...§........**,,,,,,,
.........#....°○........,,,,,,,,,
....####..#.°.§i@......<,,,,,,,,,
†...# ##.###§..☼.......,*,,,,,,,
....#***#.#*##..########**,*,,,,,
.......,...*#...# *,***,,,
.......,....###.#* **,****,,
##........#..*#..** **,,,,,,,*
#*.......##.......******,,,,,,***
#*,......,*.#.....#,,,,*,,,,,,,,,
**,....,,,,,*,,,,,,*,,,,,,,,,,,,,


You could see Agnes (strong).

Vanquished Creatures
  Frances (D:14)
  Kirke (Lair:6)
  An orc warlord (Orc:1)
  Nessos (D:14)
  Azrael (D:13)
  A fire dragon (D:15)
  Josephine (D:14)
  Erolcha (D:13)
  An ice dragon (D:15)
  2 naga warriors (Snake:1)
  9 hydras
  3 boulder beetles
  A catoblepas (D:14)
  Harold (Orc:1)
  A death knight (D:15)
  2 anacondas
  A centaur warrior (D:11)
  7 ogre magi
  22 two-headed ogres
  Urug (D:13)
  A fire crab (Lair:6)
  2 shock serpents
  5 skeletal warriors
  2 unseen horrors
  2 naga ritualists (Snake:1)
  Pikel (D:6)
  An orc knight (Orc:1)
  2 deep elf magi
  A wolf spider (shapeshifter) (D:13)
  A wolf spider zombie (D:15)
  6 mana vipers (Snake:1)
  A salamander (Snake:1)
  7 orc sorcerers
  2 ugly things
  A manticore (shapeshifter) (D:15)
  2 manticores
  3 cyclopes
  5 elephants (Lair:4)
  21 black mambas
  4 gargoyles
  3 centaur zombies
  A naga mage (Snake:1)
  A komodo dragon (shapeshifter) (D:13)
  10 cane toads
  5 rime drakes
  A yaktaur (shapeshifter) (D:13)
  A freezing wraith (D:15)
  10 komodo dragons
  A queen bee (shapeshifter) (D:11)
  5 trolls
  A queen bee (Orc:1)
  6 polar bears
  7 slime creatures
  15 blink frogs
  3 hornets
  10 dream sheep
  12 spriggans (Lair:6)
  Sigmund (D:6)
  49 yaks
  6 shadows
  A vampire (D:15)
  12 wraiths
  7 wyverns
  4 basilisks
  A human (Lair:6)
  Eustachio (D:5)
  A steam dragon (D:14)
  Grum (D:8)
  A fire elemental (D:13)
  A vampire mosquito (D:12)
  Menkaure (D:6)
  3 wargs
  8 nagas
  16 water moccasins
  4 acid dragons
  5 swamp worms (Lair:4)
  4 hell hounds (D:13)
  21 orc warriors
  6 ice beasts
  4 sky beasts
  39 wolves
  3 necrophages
  5 black bears
  3 eyes of draining (D:12)
  46 ogres
  4 boggarts (Lair:6)
  A hornet zombie (D:9)
  5 centaurs
  4 lemures (D:6)
  2 big kobolds (D:9)
  23 bullfrogs
  6 scorpions
  32 killer bees
  7 wights
  7 howler monkeys
  4 bullfrog zombies
  A crimson imp (D:2)
  Crazy Yiuf (D:3)
  7 hounds
  10 jellies
  17 orc priests
  3 centaur skeletons
  6 bullfrog skeletons
  9 iguanas
  13 orc wizards
  11 worker ants
  2 hound skeletons
  A worker ant zombie (D:11)
  14 adders
  4 shadow imps
  2 white imps (D:7)
  3 ufetubi
  3 oozes
  An adder zombie (Ossuary)
  3 adder skeletons
  A worm (D:2)
  A dart slug (D:2)
  6 leopard geckos
  70 orcs
  9 giant cockroaches
  5 goblins
  10 hobgoblins
  10 jackals
  21 kobolds
  8 quokkas
  A ball python (D:4)
  A ball python skeleton (Ossuary)
  7 bats
  4 frilled lizards
  A hobgoblin skeleton (Ossuary)
  A hobgoblin zombie (Ossuary)
  A kobold zombie (Ossuary)
  A leopard gecko skeleton (D:9)
  A leopard gecko zombie (D:5)
  An orc skeleton (Ossuary)
  An orc zombie (Ossuary)
  A quokka skeleton (D:7)
  10 rats
  A butterfly (D:4)
854 creatures vanquished.

Vanquished Creatures (collateral kills)
  3 two-headed ogres (Orc:2)
  3 ogres (Orc:2)
6 creatures vanquished.

Vanquished Creatures (others)
  2 humans (Lair:6)
  A fire elemental (D:13)
  A wolf (Lair:6)
  A boggart (Lair:6)
  An orc (Orc:2)
  19 bushes
  53 fungi
  36 plants
114 creatures vanquished.

Grand Total: 974 creatures vanquished

Notes
Turn   | Place    | Note
-------+----------+-------------------------------------------
     0 | D:1      | kae the Minotaur Fighter began the quest for the Orb.
     0 | D:1      | Reached XP level 1. HP: 19/19 MP: 0/0
    47 | D:1      | Reached XP level 2. HP: 27/27 MP: 1/1
   275 | D:1      | Reached skill level 3 in Long Blades
   418 | D:1      | Reached skill level 1 in Dodging
   608 | D:2      | Reached XP level 3. HP: 25/33 MP: 2/2
   745 | D:2      | Found a burning altar of Makhleb.
   752 | D:2      | Reached XP level 4. HP: 40/40 MP: 3/3
  1464 | D:3      | Found a runed translucent door.
  1465 | D:3      | Noticed Crazy Yiuf
  1485 | D:3      | Reached skill level 4 in Long Blades
  1485 | D:3      | Reached XP level 5. HP: 45/46 MP: 4/4
  1971 | D:3      | Killed Crazy Yiuf
  2385 | D:4      | Found a shimmering altar of Xom.
  2929 | D:5      | Entered Level 5 of the Dungeon
  3007 | D:5      | Noticed Eustachio
  3081 | D:5      | Killed Eustachio
  3081 | D:5      | Reached skill level 5 in Long Blades
  3081 | D:5      | Reached skill level 5 in Shields
  3081 | D:5      | Reached XP level 6. HP: 18/55 MP: 5/5
  3303 | D:5      | Noticed an ice beast
  3310 | D:5      | Killed an ice beast
  3310 | D:5      | Reached skill level 5 in Fighting
  3310 | D:5      | Reached skill level 5 in Armour
  3509 | D:5      | Reached XP level 7. HP: 61/61 MP: 6/6
  3664 | D:5      | Reached skill level 6 in Long Blades
  4315 | D:4      | Found a shadowy altar of Dithmenos.
  4703 | D:6      | Noticed Sigmund
  4728 | D:6      | Killed Sigmund
  4728 | D:6      | Reached skill level 7 in Long Blades
  4728 | D:6      | Reached XP level 8. HP: 50/70 MP: 7/7
  4838 | D:6      | Noticed Pikel
  4886 | D:6      | Killed Pikel
  4886 | D:6      | Reached skill level 8 in Long Blades
  5171 | D:6      | Noticed Menkaure
  5178 | D:6      | HP: 1/71 [Menkaure/nerve-wracking pain (10)]
  5180 | D:6      | Killed Menkaure
  5180 | D:6      | Reached skill level 5 in Dodging
  5672 | D:6      | Found a sparkling altar of Nemelex Xobeh.
  5672 | D:6      | Found an opulent altar of Gozag.
  5854 | D:7      | Found a staircase to the Ecumenical Temple.
  5866 | D:7      | Found a sand-covered staircase.
  5887 | Ossuary  | Entered an ossuary
  5942 | Ossuary  | Reached skill level 9 in Long Blades
  5942 | Ossuary  | Reached XP level 9. HP: 77/79 MP: 8/8
  6198 | Temple   | Entered the Ecumenical Temple
  6740 | D:7      | Found a stormy altar of Qazlal.
  6740 | D:7      | Found a sacrificial altar of Ru.
  6925 | D:8      | Reached skill level 10 in Long Blades
  6953 | D:8      | Noticed Grum
  6975 | D:8      | Killed Grum
  7478 | D:8      | Noticed a two-headed ogre
  7488 | D:8      | Killed a two-headed ogre
  7488 | D:8      | Reached skill level 11 in Long Blades
  7488 | D:8      | Reached XP level 10. HP: 85/90 MP: 9/9
  8139 | D:9      | Found a broken altar of Ashenzari.
  8310 | D:7      | Became a worshipper of Qazlal Stormbringer
  8468 | D:9      | Found an ancient bone altar of Kikubaaqudgha.
  8469 | D:9      | Found a blossoming altar of Fedhas.
  8493 | D:9      | Reached skill level 12 in Long Blades
  8668 | D:9      | Identified the +5 scale mail of Fun and Games {rF- MP+9
                  | Str+3}
  8687 | D:9      | Paralysed by an orc warrior for 4 turns
  8710 | D:9      | Reached * piety under Qazlal
  8920 | D:9      | Reached skill level 1 in Invocations
  9172 | D:10     | Entered Level 10 of the Dungeon
  9216 | D:10     | Found a staircase to the Lair.
  9768 | D:10     | Noticed a boulder beetle
  9824 | D:10     | Killed a boulder beetle
  9824 | D:10     | Reached XP level 11. HP: 49/99 MP: 11/11
 10491 | D:11     | Noticed a boulder beetle
 10492 | D:11     | Noticed a green ugly thing
 10515 | D:11     | Reached ** piety under Qazlal
 10521 | D:11     | Killed a green ugly thing
 10521 | D:11     | Reached skill level 10 in Armour
 10544 | D:11     | Reached skill level 10 in Fighting
 10560 | D:11     | Reached skill level 13 in Long Blades
 10564 | D:11     | Noticed a centaur warrior
 10595 | D:11     | Killed a centaur warrior
 10625 | D:11     | Killed a boulder beetle
 11320 | Lair:1   | Entered Level 1 of the Lair of Beasts
 11508 | Lair:1   | Reached *** piety under Qazlal
 12250 | Lair:2   | Reached XP level 12. HP: 108/108 MP: 14/14
 12325 | Lair:2   | Reached skill level 14 in Long Blades
 12524 | Lair:2   | Reached skill level 5 in Invocations
 12878 | Lair:2   | Reached **** piety under Qazlal
 12910 | Lair:2   | Found a runed translucent gate.
 12910 | Lair:2   | Found a runed translucent gate.
 12910 | Lair:2   | Found a runed translucent gate.
 12913 | Lair:2   | Noticed MalarOregon's ghost (journeyman DrWz)
 12916 | Lair:2   | Found a viscous altar of Jiyva.
 13157 | Lair:3   | You fall into a shaft and drop 3 floors!
 13157 | Lair:6   | Entered Level 6 of the Lair of Beasts
 13168 | Lair:6   | Noticed a four-headed hydra
 13169 | Lair:6   | Noticed Reniomp's ghost (journeyman DDFi)
 13200 | Lair:6   | Found a transporter.
 13200 | Lair:6   | Noticed a six-headed hydra
 13220 | Lair:6   | Reached skill level 10 in Dodging
 13254 | Lair:6   | Reached skill level 15 in Long Blades
 13582 | Lair:6   | Reached ***** piety under Qazlal
 13587 | Lair:6   | Noticed an eight-headed hydra
 13597 | Lair:6   | Reached XP level 13. HP: 117/117 MP: 11/16
 13701 | Lair:6   | Noticed Kirke
 13729 | Lair:6   | Noticed a sphinx
 13739 | Lair:6   | Killed Kirke
 14140 | Lair:6   | Found a staircase to the Slime Pits.
 14228 | Lair:6   | Found a transporter.
 14614 | Lair:6   | Reached skill level 16 in Long Blades
 16197 | Lair:4   | Reached XP level 14. HP: 119/127 MP: 18/18
 16302 | Lair:4   | Found a staircase to the Swamp.
 16708 | Lair:3   | Found a staircase to the Snake Pit.
 16772 | Lair:3   | Reached skill level 17 in Long Blades
 16913 | Lair:3   | Found a runed translucent gate.
 16914 | Lair:3   | Found a runed translucent gate.
 16914 | Lair:3   | Noticed graki42's ghost (journeyman DECj)
 16915 | Lair:3   | Found a runed translucent gate.
 17180 | Lair:3   | Noticed Kuinu's ghost (journeyman KoBr)
 17180 | Lair:3   | Noticed Udaerasu's ghost (journeyman DsWn)
 17789 | D:12     | Reached ****** piety under Qazlal
 17953 | D:12     | Found a staircase to the Orcish Mines.
 18332 | D:13     | Found a gate to the Vaults.
 18344 | D:13     | Noticed Erolcha
 18349 | D:13     | Noticed Urug
 18358 | D:13     | Killed Erolcha
 18377 | D:13     | Killed Urug
 18382 | D:13     | Noticed Azrael
 18652 | D:13     | Killed Azrael
 20168 | D:14     | Noticed Frances
 20175 | D:14     | Killed Frances
 20274 | D:14     | Noticed Nessos
 20274 | D:14     | Paralysed by Nessos for 7 turns
 20285 | D:14     | Killed Nessos
 20317 | D:14     | Noticed Josephine
 20326 | D:14     | Reached skill level 18 in Long Blades
 20330 | D:14     | Killed Josephine
 20334 | D:14     | Reached XP level 15. HP: 117/136 MP: 20/20
 21026 | D:15     | Entered Level 15 of the Dungeon
 21786 | D:15     | Found a shadowy altar of Dithmenos.
 22079 | D:15     | Got a warped pewter ring
 22140 | D:15     | Found a staircase to the Depths.
 22329 | D:15     | Identified the ring "Jipron" {MR+ Dex+4} (You found it on
                  | level 15 of the Dungeon)
 22425 | Orc:1    | Entered Level 1 of the Orcish Mines
 22437 | Orc:1    | Noticed Harold
 22464 | Orc:1    | Killed Harold
 22501 | Orc:1    | Noticed an orc warlord
 22529 | Orc:1    | Killed an orc warlord
 22613 | Orc:1    | Found a radiant altar of Vehumet.
 23029 | Orc:2    | Entered Level 2 of the Orcish Mines
 23244 | Orc:2    | Reached skill level 10 in Invocations
 23247 | Orc:2    | Reached skill level 19 in Long Blades
 23326 | Orc:2    | Reached XP level 16. HP: 53/147 MP: 22/22
 23351 | Orc:2    | Found a staircase to the Elven Halls.
 23680 | Orc:2    | Found Xuarebb's Distillery.
 23680 | Orc:2    | Found Tocwua's Jewellery Shop.
 23680 | Orc:2    | Found Tustrux's Antique Weapon Boutique.
 23680 | Orc:2    | Found Ommut's Antique Armour Emporium.
 23689 | Orc:2    | Bought a cursed -4 ring of slaying for 22 gold pieces
 23689 | Orc:2    | Bought an uncursed ring of poison resistance for 220 gold
                  | pieces
 24646 | Snake:1  | Entered Level 1 of the Snake Pit
 24846 | Snake:1  | Found Deifud's Weapon Emporium.
 24859 | Snake:1  | Found Nefim's Magic Scroll Emporium.
 25249 | Snake:1  | You fall into a shaft and drop 1 floor!
 25249 | Snake:2  | Noticed Agnes
 25276 | Snake:2  | HP: 4/147 [Agnes/+2 vampiric lajatang (38)]
 25289 | Snake:2  | Mangled by Agnes

Illustrated notes

Levels and vault maps discovered:
D:1:      psy_arrival_whirlpool, layout_basic
D:2:      layout_rooms, makhleb_grotto_becter
D:3:      layout_basic, uniq_crazy_yiuf_cottage
D:4:      minmay_opposing_rooms, layout_basic, xom_butterflies,
          nicolae_overflow_hidden_temple
D:5:      layout_basic, dk_vineyard_2, uniq_eustachio
D:6:      layout_loops_corners, grunt_temple_overflow_opulence, uniq_pikel,
          uniq_sigmund, uniq_menkaure
D:7:      layout_cave_pools, amethyst_overflow_temple_binary,
          minmay_temple_entry_trees, lightli_ossuary_entry_decrepit_ruins,
          serial_rivers, chequers_serial_rivers_large_a,
          chequers_serial_rivers_small_3, chequers_serial_rivers_small_b,
          chequers_serial_rivers_micro_b
D:8:      layout_layer_cave, uniq_grum
D:9:      layout_basic, grunt_temple_overflow_growth_and_decay,
          lemuel_coloured_pillars_altar, minmay_chambers_of_fives
D:10:     layout_irregular_city, lair_entry_dummy
D:11:     minmay_bloctagon, layout_basic
D:12:     minmay_angry_zag, layout_small_grid, david_orc_2
D:13:     layout_grid_maze, david_vaults_2, uniq_urug, uniq_erolcha, uniq_azrael
D:14:     layout_gridville, hangedman_decor_points, uniq_josephine,
          uniq_frances, uniq_nessos
D:15:     grunt_enter_depths_hoard, layout_basic,
          nicolae_dithmenos_shadow_blocks, minmay_hedge_maze, roderic_lattice_a,
          lemuel_old_faithful
Temple:   nicolae_temple_no_exploring_needed
Lair:1:   layout_roguey, grunt_megastairs_4
Lair:2:   layout_regular_city, gammafunk_ghost_ooze, lemuel_fruit_tree
Lair:3:   layout_long_grid, guppyfry_snake_entry_island,
          gammafunk_ghost_cemetery, infiniplex_staircase_pool
Lair:4:   dpeg_oklob_shooting_range, layout_gridlike, palyth_hydra_swamp_entry,
          grunt_forest_small_clearings, infiniplex_staircase_pool_2
Lair:5:   layout_gridlike, grunt_megastairs_1
Lair:6:   minmay_lair_end_enchanted_forest, layout_loops_ring,
          minmay_slime_entry_pillars, gammafunk_ghost_berserking_beasts,
          uniq_kirke
Snake:1:  layout_onion, statue_in_the_mist_lemuel, grunt_ministairs_3,
          minmay_shop_star
Snake:2:  layout_chambers, serial_bayou_shore_a, uniq_vashnia, uniq_agnes
Orc:1:    layout_caves, basic_altar, special_room [special_room_bee],
          mines4_lemuel, uniq_harold
Orc:2:    st_orc_ogre_mass, layout_diamond_mine

Skill      XL: |  1  2  3  4  5  6  7  8  9 10 11 12 13 14 15 |
---------------+----------------------------------------------+-----
Long Blades    | 3 4 5 7 9 11 12 13 15 16 18 19 | 19.7
Armour         | 4 5 6 7 8 9 10 11 12 13 14 | 14.9
Dodging        | 1 2 3 4 5 6 8 9 10 11 12 13 | 13.5
Shields        | 4 5 |  5.0
Fighting       | 4 5 7 8 9 10 11 12 13 14 | 14.8
Invocations    | 2 4 6 7 9 10 | 10.6

Action                   |  1- 3 |  4- 6 |  7- 9 | 10-12 | 13-15 | 16-18 || total
-------------------------+-------+-------+-------+-------+-------+-------++-------
Melee: Long sword        |    67 |   175 |   292 |   807 |  1353 |   323 ||  3017
       Headbutt          |    11 |    44 |   122 |   324 |   567 |    85 ||  1153
       Scimitar          |       |       |       |     2 |       |       ||     2
       Unarmed           |       |       |       |       |    16 |       ||    16
Invok: Upheaval          |       |       |       |     1 |     5 |       ||     6
       Elemental Force   |       |       |       |       |     2 |       ||     2
Evoke: Wand              |       |       |       |     4 |       |       ||     4
  Use: Scroll            |       |       |    25 |     9 |     4 |     2 ||    40
       Potion            |       |       |       |       |       |     1 ||     1
 Stab: Paralysed         |       |       |       |     6 |       |       ||     6
Armor: Scale mail        |    30 |    79 |    11 |       |       |       ||   120
       Plate armour      |       |       |    74 |   176 |   391 |    72 ||   713
       Skin              |       |       |       |       |     5 |       ||     5
Dodge: Dodged            |    20 |    72 |    80 |   130 |   408 |    88 ||   798
       Repelled          |       |       |       |     1 |     9 |     4 ||    14
Block: Kite shield       |    38 |   123 |   202 |   668 |  1460 |   424 ||  2915
       Reflection        |       |       |       |    14 |    38 |    10 ||    62
       Other             |       |       |       |       |     4 |       ||     4
       Rpst.: Long sword |     6 |    16 |    21 |    32 |    70 |    23 ||   168

Table legend: (Time is in decaauts)
 A = Elapsed time spent in this place.
 B = Non-inter-level travel time spent in this place.
 C = Inter-level travel time spent in this place.
 D = Time resting spent in this place.
 E = Time spent auto-exploring this place.
 F = Levels seen in this place.
 G = Mean time per level.
                   A        B        C        D        E       F      G
               +--------+--------+--------+--------+--------+-----+--------+
         Total |  24900 |  23280 |   1620 |    796 |  17926 |  27 |  922.2 |
       Dungeon |  16139 |  14920 |   1219 |    769 |  11480 |  15 | 1075.9 |
        Temple |      2 |      1 |      1 |      0 |      1 |   1 |    2.0 |
          Lair |   5893 |   5635 |    258 |      9 |   4562 |   6 |  982.2 |
     Snake Pit |    592 |    592 |      0 |      0 |    360 |   2 |  296.0 |
  Orcish Mines |   1975 |   1835 |    140 |     18 |   1338 |   2 |  987.5 |
       Ossuary |    297 |    297 |      0 |      0 |    184 |   1 |  297.0 |
               +--------+--------+--------+--------+--------+-----+--------+

Top non-repeatable levels by time:
  Lair:6: 1531 daAuts
     D:5: 1471 daAuts
    D:14: 1457 daAuts
     D:6: 1445 daAuts
    D:13: 1354 daAuts
     D:9: 1325 daAuts
    D:11: 1236 daAuts
    D:12: 1167 daAuts
   Orc:2: 1098 daAuts
  Lair:4: 1061 daAuts
    D:10: 1040 daAuts
     D:7: 996 daAuts
     D:3: 986 daAuts
  Lair:2: 930 daAuts
    D:15: 928 daAuts
